Map: Dusk Towers

Players

Njwboom

  • Race: Protoss Protoss
  • League: Diamond

Manta

  • Race: Protoss Protoss
  • League: Silver

Zarc

  • Race: Zerg Zerg
  • League: Bronze

Steve

  • Race: Zerg Zerg
  • League: Diamond

VOD

Have the link to the VOD?

Description

Time

  • Played on: Feb. 18, 2016, 8:01 p.m.
  • Length: 10:21
Show
View Real Time Build Order
Export as new Build Order

Njwboom Protoss 

Build Orders: 1 Gate Expand 

Get SALT Encoding   

  12  0:01  Probe (Chrono Boost)  
  13  0:11  Probe (Chrono Boost)  
  14  0:18  Pylon  
  14  0:22  Probe (Chrono Boost)  
  15  0:36  Probe (Chrono Boost)  
  15  0:39  Gateway  
  16  0:47  Probe (Chrono Boost)  
  17  0:50  Assimilator  
  17  0:57  Probe (Chrono Boost)  
  18  1:08  Probe (Chrono Boost)  
  19  1:19  Probe (Chrono Boost)  
  20  1:29  Nexus  
  20  1:34  Probe (Chrono Boost)  
  21  1:43  Cybernetics Core  
  21  1:46  Probe (Chrono Boost)  
  22  1:54  Assimilator  
  22  1:56  Probe (Chrono Boost)  
  23  2:06  Pylon  
  23  2:21  Warp Gate  
  23  2:24  Probe (Chrono Boost)  
  24  2:35  Probe (Chrono Boost)  
  25  2:39  Pylon  
  25  2:45  Probe (Chrono Boost)  
  25  2:47  Probe (Chrono Boost)  
  27  2:56  Mothership Core (Chrono Boost)  
  27  2:58  Probe (Chrono Boost)  
  30  3:01  Stalker  
  32  3:12  Pylon  
  32  3:13  Pylon  
  32  3:15  Probe (Chrono Boost)  
  32  3:23  Probe (Chrono Boost)  
  32  3:25  Probe (Chrono Boost)  
  34  3:32  Stargate  
  34  3:37  Stalker  
  36  3:42  Probe (Chrono Boost)  
  36  3:43  Probe (Chrono Boost)  
  38  3:50  Pylon  
  38  3:53  Probe (Chrono Boost)  
  39  3:57  Gateway  
  39  4:00  Gateway  
  39  4:01  Probe (Chrono Boost)  
  40  4:03  Probe (Chrono Boost)  
  40  4:05  Assimilator  
  40  4:09  Assimilator  
  41  4:11  Probe (Chrono Boost)  
  41  4:13  Oracle  
  41  4:15  Probe (Chrono Boost)  
  43  4:24  Probe (Chrono Boost)  
  47  4:33  Pylon  
  47  4:38  Pylon  
  47  4:45  Probe (Chrono Boost)  
  48  4:47  Probe (Chrono Boost)  
  49  4:55  Probe (Chrono Boost)  
  50  5:00  Forge x2  
  50  5:07  Robotics Facility  
  50  5:16  Gateway  
  50  5:19  Gateway  
  50  5:21  Stalker x3  
  56  5:22  Gateway  
  56  5:29  Oracle  
  56  5:40  Probe (Chrono Boost)  
  57  5:51  Probe (Chrono Boost)  
  57  5:54  Warp Prism  
  57  5:56  Protoss Ground Weapons Level 1  
  57  5:57  Protoss Shields Level 1  
  60  6:01  Probe (Chrono Boost)  
  61  6:10  Nexus  
  61  6:14  Pylon  
  61  6:15  Pylon  
  61  6:16  Stalker x3  
  67  6:34  Phoenix  
  67  6:36  Probe (Chrono Boost)  
  67  6:37  Probe (Chrono Boost)  
  71  6:49  Adept x6  
  83  6:56  Phoenix  
  85  7:05  Probe (Chrono Boost)  
  85  7:06  Probe (Chrono Boost)  
  88  7:15  Probe (Chrono Boost)  
  88  7:18  Probe (Chrono Boost)  
  89  7:27  Sentry  
  89  7:28  Stalker, Sentry x2  
  89  7:29  Stalker x2  
  101  7:30  Robotics Bay  
  101  7:33  Probe x2 (Chrono Boost)  
  101  7:35  Probe (Chrono Boost)  
  104  7:39  Immortal  
  108  7:49  Probe (Chrono Boost)  
  108  7:51  Probe (Chrono Boost)  
  110  8:01  Assimilator, Probe x2 (Chrono Boost)  
  112  8:06  Assimilator  
  112  8:12  Probe (Chrono Boost)  
  112  8:13  Probe (Chrono Boost)  
  112  8:20  Disruptor  
  112  8:22  Probe (Chrono Boost)  
  112  8:25  Probe (Chrono Boost)  
  117  8:42  Twilight Council  
  117  8:43  Pylon  
  117  8:45  Pylon  
  117  8:46  Gateway  
  117  8:47  Pylon x2  
  117  8:50  Pylon, Gateway  
  117  8:56  Disruptor  
  117  9:01  Probe (Chrono Boost)  
  122  9:03  Probe (Chrono Boost)  
  116  9:12  Probe (Chrono Boost)  
  101  9:17  Stalker x2  
  101  9:18  Stalker x4  
  101  9:22  Probe (Chrono Boost)  
  103  9:27  Disruptor  
  90  9:33  Probe (Chrono Boost)  
  75  9:42  Stalker x2  
  75  9:43  Stalker x4  
  58  10:03  Stalker x2  
  58  10:06  Stalker x2  
  58  10:07  Stalker x4  
Show
View Real Time Build Order
Export as new Build Order

Manta Protoss 

Build Orders:  

Get SALT Encoding   

  12  0:08  Drone  
  13  0:19  Overlord  
  13  0:22  Drone  
  14  0:33  Extractor  
  14  0:35  Drone  
  15  0:48  Drone  
  15  0:49  Drone  
  17  1:08  Hatchery  
  16  1:11  Drone x2  
  18  1:28  Drone  
  18  1:29  Hatchery  
  18  1:33  Extractor  
  18  1:36  Drone  
  18  1:47  Spawning Pool  
  18  1:51  Drone  
  18  1:54  Drone  
  18  2:12  Drone x2  
  20  2:22  Drone  
  21  2:35  Queen x2  
  21  2:36  Zergling x2  
  27  2:37  Zergling x2  
  27  2:43  Drone  
  28  2:52  Metabolic Boost  
  28  2:53  Queen  
  30  3:08  Drone x3  
  30  3:09  Drone  
  30  3:10  Overlord  
  34  3:18  Overlord  
  34  3:28  Queen  
  36  3:40  Drone x8  
  44  3:43  Drone  
  45  3:50  Zergling x6  
  45  3:54  Drone x2  
  50  3:58  Overlord  
  49  4:11  Spore Crawler  
  49  4:13  Spore Crawler  
  49  4:15  Extractor x2  
  45  4:24  Drone x3  
  45  4:25  Drone x7  
  55  4:44  Drone x2, Roach Warren  
  55  4:45  Drone  
  57  4:47  Overlord x3  
  57  4:58  Overlord x2  
  57  5:06  Drone  
  57  5:07  Drone x3  
  60  5:09  Drone x2  
  60  5:10  Drone x2  
  60  5:12  Drone  
  60  5:13  Drone, Roach Warren  
  57  5:32  Drone x2  
  57  5:33  Drone x3  
  57  5:35  Spore Crawler  
  59  5:38  Lair  
  59  5:44  Drone x4  
  59  5:45  Drone x2  
  59  5:48  Extractor  
  65  5:50  Evolution Chamber  
  65  5:51  Drone  
  65  5:52  Drone  
  65  5:55  Drone  
  67  6:02  Drone x2  
  69  6:05  Extractor  
  69  6:08  Extractor  
  66  6:11  Roach x2  
  66  6:12  Roach x7  
  66  6:15  Zerg Missile Weapons Level 1  
  84  6:20  Overlord  
  84  6:23  Drone x2  
  86  6:28  Roach x3  
  91  6:35  Drone x3  
  91  6:36  Roach x2  
  97  6:45  Drone x3  
  100  6:47  Hydralisk Den  
  100  6:49  Drone x2  
  100  6:50  Glial Reconstitution  
  101  6:56  Drone  
  101  6:57  Drone  
  103  7:04  Drone  
  103  7:09  Hatchery  
  102  7:16  Roach  
  102  7:18  Overlord x2  
  102  7:19  Overlord x4  
  102  7:21  Muscular Augments  
  104  7:23  Overlord x2  
  104  7:27  Hatchery  
  103  7:33  Roach  
  103  7:35  Overlord x3  
  105  7:37  Hydralisk  
  105  7:38  Hydralisk x3  
  105  7:41  Hydralisk  
  115  7:46  Queen  
  115  7:50  Hydralisk x2  
  121  7:53  Hydralisk  
  121  7:54  Hydralisk  
  121  7:56  Hydralisk  
  127  8:00  Queen  
  129  8:07  Spore Crawler  
  129  8:09  Hydralisk x3  
  133  8:15  Hydralisk  
  133  8:16  Hydralisk  
  133  8:18  Spore Crawler  
  136  8:29  Lair x2  
  136  8:31  Hydralisk x2  
  136  8:32  Hydralisk  
  142  8:36  Lurker Den  
  142  8:50  Pneumatized Carapace  
  142  8:51  Ravager x6  
  142  8:52  Ravager x2  
  152  8:55  Roach  
  152  8:56  Roach x4  
  155  9:12  Drone x3  
  146  9:17  Roach  
  146  9:18  Roach x8  
  159  9:31  Roach  
  159  9:32  Roach x6  
  156  9:42  Hydralisk x3  
  156  9:43  Hydralisk x2  
  164  9:50  Overlord  
  164  9:51  Overlord x2  
  164  9:56  Overseer  
  164  9:57  Overseer  
  164  9:58  Overseer  
Show
View Real Time Build Order
Export as new Build Order

Zarc Zerg 

Build Orders:  

Get SALT Encoding   

Show
View Real Time Build Order
Export as new Build Order

Steve Zerg 

Build Orders:  

Get SALT Encoding   

Tags
 
Add a new tag
Caveats
  • Supply blocks, unpowered buildings, or Contaminate may cause inaccurate times.
  • Supply counts are checked every 10 seconds.